 Dungeon Crawl Stone Soup version 0.26.0-15-gc6cd9f7 (webtiles) character file.

Game seed: 12184093342672784332

91934 PublicAnimeNo1 the Geomancer (level 16, -3/122 HPs)
             Began as a Human Earth Elementalist on Jan 20, 2021.
             Was a High Priest of Ashenzari.
             Blown up by a human (31 damage)
             ... with a disintegration bolt
             ... on level 13 of the Dungeon on Jan 21, 2021.
             The game lasted 01:41:39 (33832 turns).

PublicAnimeNo1 the Geomancer (HuEE)                Turns: 33832, Time: 01:41:39

Health: -3/122     AC: 22    Str: 10    XL:     16   Next: 52%
Magic:  3/29       EV: 14    Int: 21    God:    Ashenzari [*****.]
Gold:   2368       SH: 10    Dex: 14    Spells: 7/33 levels left

rFire    + . .     SeeInvis +   E - +0 dagger (venom) (curse)
rCold    . . .     Faith    .   y - +0 buckler (curse)
rNeg     . . .     Spirit   .   f - +5 ring mail "Wifoxeg" {rElec} (curse)
rPois    .         Reflect  +   n - +1 helmet
rElec    +         Harm     .   I - +2 cloak {Will+} (curse)
rCorr    .         Rampage  .   o - +0 pair of gloves
Will     ++...     Clarity  +   (no boots)
Stlth    ++++......             z - amulet of reflection (curse)
HPRegen  0.30/turn              x - ring of protection from fire (curse)
MPRegen  0.21/turn              p - +4 ring of protection

@: lethally poisoned (-3 -> -8), slowed, very slow
A: no striking features
a: Renounce Religion, Curse Item, Scrying, Transfer Knowledge


You were on level 13 of the Dungeon.
You worshipped Ashenzari.
Ashenzari was extremely pleased with you.
You visited 4 branches of the dungeon, and saw 22 of its levels.

You collected 3512 gold pieces.
You spent 1144 gold pieces at shops.

Inventory:

Hand Weapons
 E - a cursed +0 dagger of venom (weapon)
 K - a +2 rapier of venom
Missiles
 b - 72 stones
 t - 12 curare-tipped darts
Armour
 f - the cursed +5 ring mail "Wifoxeg" (worn) {rElec}
   (You found it on level 3 of the Lair of Beasts)

   It insulates you from electricity.
   It has a curse placed upon it.
 n - a +1 helmet (worn)
 o - a +0 pair of gloves (worn)
 y - a cursed +0 buckler (worn)
 I - a cursed +2 cloak of willpower (worn)
Jewellery
 p - a +4 ring of protection (right hand)
 u - the ring "Ibbulath" {*Drain +Blink +Inv rPois rC-}
   (You found it on level 12 of the Dungeon)

   [ring of poison resistance]

   It makes you vulnerable to cold.
   It protects you from poison.
   It lets you turn invisible.
   It lets you blink.
   It causes draining when unequipped.
 x - a cursed ring of protection from fire (left hand)
 z - a cursed amulet of reflection (around neck)
 H - an uncursed ring of ice
 J - an uncursed ring of poison resistance
 Q - an uncursed ring of magical power
Wands
 d - a wand of acid (14)
 s - a wand of disintegration (9)
 B - a wand of polymorph (15)
 D - a wand of digging (4)
 G - a wand of random effects (16)
 M - a wand of flame (15)
 P - a wand of paralysis (11)
Scrolls
 a - 6 scrolls of magic mapping
 c - 4 scrolls of amnesia
 e - 6 scrolls of fear
 i - 8 scrolls of teleportation
 j - 8 scrolls of remove curse
 l - 8 scrolls of enchant armour
 q - 15 scrolls of identify
 r - 5 scrolls of fog
Potions
 g - 3 potions of might
 h - 3 potions of flight
 k - 3 potions of berserk rage
 m - 8 potions of curing
 v - 2 potions of mutation
 w - 2 potions of resistance
 A - 3 potions of heal wounds
 C - a potion of magic {unknown}
 F - 10 potions of ambrosia
 L - 2 potions of cancellation {unknown}
 N - 2 potions of attraction {unknown}
 R - a potion of haste {unknown}


   Skills:
 - Level 10.0 Fighting
 + Level 8.2(12.1) Short Blades
 - Level 8.0 Armour
 - Level 8.0 Dodging
 - Level 11.0 Stealth
 - Level 2.7(4.9) Shields
 - Level 9.0 Spellcasting
 + Level 9.8(12.3) Conjurations
 - Level 7.8(10.5) Transmutations
 - Level 12.0(14.3) Earth Magic
 - Level 5.0(7.6) Evocations


You had 7 spell levels left.
You knew the following spells:

 Your Spells              Type           Power        Failure   Level
a - Sandblast             Erth           100%         1%          1
b - Passwall              Tmut/Erth      47%          1%          2
c - Iron Shot             Conj/Erth      30%          10%         6
d - Petrify               Tmut/Erth      57%          1%          4
e - Lee's Rapid Deconstr  Erth           31%          1%          5
f - Animate Skeleton      Necr           20%          14%         1
g - Blink                 Tloc           N/A          21%         2
h - Bolt of Magma         Conj/Fire/Erth 23%          11%         5

Your spell library contained the following spells:

 Spells                   Type           Power        Failure   Level
 Magic Dart               Conj           100%         1%          1
 Sting                    Tmut/Pois      100%         1%          1
 Stone Arrow              Conj/Erth      100%         1%          3
 Iskenderun's Battlesphe  Conj           57%          2%          5
 Conjure Flame            Conj/Fire      36%          3%          3
 Mephitic Cloud           Conj/Pois/Air  27%          8%          3
 Leda's Liquefaction      Hex/Erth       20%          8%          4
 Ignite Poison            Fire/Tmut/Pois 25%          11%         3
 Corona                   Hex            11%          14%         1
 Pain                     Necr           40%          14%         1
 Summon Small Mammal      Summ           40%          14%         1
 Call Imp                 Summ           10%          21%         2
 Poisonous Vapours        Pois/Air       20%          21%         2
 Slow                     Hex            10%          21%         2
 Fireball                 Conj/Fire      18%          32%         5
 Inner Flame              Hex/Fire       10%          38%         3
 Portal Projectile        Hex/Tloc       20%          38%         3
 Vampiric Draining        Necr           5%           38%         3
 Orb of Destruction       Conj           28%          65%         7
 Animate Dead             Necr           5%           80%         4
 Cause Fear               Hex            5%           80%         4
 Olgreb's Toxic Radiance  Pois           10%          80%         4
 Summon Lightning Spire   Summ/Air       10%          80%         4
 Starburst                Conj/Fire      18%          87%         6
 Eringya's Noxious Bog    Tmut/Pois      16%          95%         6
 Agony                    Necr           10%          98%         5
 Shadow Creatures         Summ           N/A          100%        6
 Spellforged Servitor     Conj/Summ      18%          100%        7
 Ignition                 Fire           5%           100%        8


Dungeon Overview and Level Annotations

Branches:
Dungeon (13/15)            Temple (1/1) D:7            Lair (6/6) D:11
  Swamp (0/4) Lair:2        Snake (0/4) Lair:4        Slime (0/5) Lair:6
    Orc (2/2) D:11            Elf (0/3) Orc:2
 Vaults: D:13-14

Altars:
Ashenzari
Cheibriados
Dithmenos
Elyvilon
Fedhas
Gozag
Hepliaklqana
Kikubaaqudgha
Makhleb
Nemelex Xobeh
Okawaru
Qazlal
Ru
Sif Muna
Trog
Uskayaw
Vehumet
Wu Jian
Xom
Yredelemnul
Zin
The Shining One
Beogh

Shops:
D:13 *   Orc:1 ?   Orc:2 }[(!?

Annotations:
D:5 Pikel
D:7 1 exclusion


Message History

The bolt of cold hits the orc wizard!
The orc wizard dies!
The bolt of cold hits you!!
* * * LOW HITPOINT WARNING * * *
The human throws a curare-tipped dart.
The curare-tipped dart closely misses you.
The necromancer points at you and mumbles some strange words.
The bolt of cold hits you.
* * * LOW HITPOINT WARNING * * *
Casting: Lee's Rapid Deconstruction (mildly dangerous; 1% risk of failure)
Confirm with . or Enter, or press ? or * to list all spells.
Aiming: Lee's Rapid Deconstruction (mildly dangerous; 1% risk of failure)
Press: ? - help, Dir - move target, f/p - wizard Fragment what (e.g. wall or brittle monster)?: a wizard, wielding a +0 dagger and wearing a +0 robe (severely wounded, petrified, very poisoned)
The wizard shatters!!
The wizard is almost dead.
The blast of petrified fragments hits the necromancer!!
You kill the necromancer!
You feel sick.
The human zaps a wand.
You are blasted!
You die...

,
,.................,
,, , ,
.............# **
** , ,, #.........#
, * * *#.<..)....#
*#. , *#.....o...#
* *
#'####........p# *
*
###....#........)#
,*
......p.÷÷######)##
, *
####'''##.#####.@.#
* ** , #....
#)))p...#.# ,,
..{..{.,#(.####...#
,*, * .p'..⌠.
#..####.∩.# * ,
.p'.... #.........#
*, * ,
.p#....∆#†.######.#
,> , '###### #..#
#..# * ** ** ,, {,
, #)†# #.## {,'
,,,,#..# #.#


You could see a wizard (petrified, very poisoned), a human and an orc.

Vanquished Creatures
  Fannar (D:10)
  A fire dragon (Lair:6)
  A catoblepas (Lair:4)
  2 boulder beetles
  7 hydras
  10 two-headed ogres
  A centaur warrior (D:12)
  Erica (Lair:1)
  2 ogre magi (Orc:2)
  An orc high priest (Orc:2)
  Nergalle (Lair:3)
  2 deep trolls (Orc:2)
  An unseen horror (D:11)
  2 bog bodies (Lair:2)
  A swamp dragon (Lair:6)
  A lindwurm (Lair:6)
  A necromancer (D:13)
  2 orc knights
  3 ugly things
  An orc sorcerer (Orc:2)
  15 elephants
  5 cyclopes
  Psyche (D:12)
  3 torpor snails (Lair:3)
  Maurice (D:11)
  6 black mambas
  2 gargoyles
  11 cane toads
  Maggie (D:6)
  4 rime drakes
  7 komodo dragons
  7 trolls (Orc:2)
  9 polar bears
  A queen bee (Lair:2)
  3 raiju
  4 slime creatures
  11 blink frogs
  A wraith (D:11)
  3 wyverns
  A vampire (D:10)
  48 yaks
  12 humans (D:13)
  Grum (Lair:1)
  4 steam dragons
  5 basilisks
  6 wargs
  An acid dragon (Lair:6)
  20 water moccasins
  Duvessa (D:5)
  14 hell hounds (Lair:6)
  27 orc warriors
  2 swamp drakes
  8 phantoms
  An ice beast (D:6)
  2 sky beasts
  29 ogres
  15 black bears
  3 necrophages
  26 wolves
  5 centaurs
  2 lemures
  17 bullfrogs
  2 gnoll sergeants
  Dowan (D:5)
  2 scorpions
  A wyvern skeleton (D:6)
  24 killer bees
  6 howler monkeys
  9 wights
  3 bullfrog zombies
  2 quasits (D:11)
  5 hounds
  3 jellies
  15 orc priests
  A bullfrog skeleton (D:11)
  2 centaur skeletons
  Jessica (D:2)
  An iguana (Lair:6)
  27 orc wizards
  9 worker ants
  2 killer bee zombies
  A worker ant zombie (D:8)
  Robin (D:3)
  19 adders
  13 gnolls
  3 shadow imps
  A white imp (D:5)
  2 oozes
  An adder zombie (D:8)
  3 worms
  3 dart slugs
  5 leopard geckos
  96 orcs
  7 bats
  5 giant cockroaches
  17 goblins
  20 hobgoblins
  3 jackals
  4 kobolds
  2 quokkas
  4 ball pythons
  2 frilled lizards
  A quokka skeleton (D:9)
  9 rats
  A butterfly (Lair:2)
726 creatures vanquished.

Vanquished Creatures (others)
  A water moccasin (Lair:4)
  An orc wizard (D:13)
  An iguana (Lair:6)
  An adder (D:12)
  An orc (Orc:1)
  2 bushes (Lair:5)
  37 fungi
  73 plants
117 creatures vanquished.

Grand Total: 843 creatures vanquished

Notes
Turn   | Place    | Note
-------+----------+-------------------------------------------
     0 | D:1      | PublicAnimeNo1 the Human Earth Elementalist began the quest
                  | for the Orb.
     0 | D:1      | Reached XP level 1. HP: 13/13 MP: 3/3
   245 | D:1      | Reached XP level 2. HP: 20/20 MP: 1/5
   397 | D:1      | Learned a level 2 spell: Passwall
   718 | D:2      | Found a bloodstained altar of Trog.
   734 | D:2      | Reached skill level 1 in Fighting
   734 | D:2      | Reached XP level 3. HP: 24/26 MP: 4/6
  1022 | D:2      | Noticed Jessica
  1040 | D:2      | Killed Jessica
  1041 | D:2      | Reached XP level 4. HP: 11/32 MP: 0/7
  1319 | D:2      | Reached skill level 4 in Earth Magic
  2079 | D:3      | Reached XP level 5. HP: 30/38 MP: 5/8
  2107 | D:3      | Learned a level 3 spell: Stone Arrow
  2414 | D:3      | Noticed Robin
  2780 | D:3      | Killed Robin
  3491 | D:3      | Reached XP level 6. HP: 45/45 MP: 9/9
  3808 | D:4      | Reached skill level 5 in Earth Magic
  4322 | D:4      | Noticed an ogre
  4741 | D:4      | Noticed an ogre
  4859 | D:4      | Killed an ogre
  4860 | D:4      | Reached skill level 1 in Short Blades
  4860 | D:4      | Reached XP level 7. HP: 52/52 MP: 7/10
  4957 | D:4      | Got a scorched leather armour
  4968 | D:4      | Identified the cursed +0 leather armour "Arumobl Dude"
                  | {-Tele Dex+5} (You found it on level 4 of the Dungeon)
  5213 | D:4      | Reached skill level 6 in Earth Magic
  5312 | D:5      | Entered Level 5 of the Dungeon
  5617 | D:5      | Learned a level 4 spell: Petrify
  5784 | D:5      | Noticed Duvessa
  5785 | D:5      | Noticed Dowan
  6017 | D:5      | Killed Duvessa
  6019 | D:5      | Killed Dowan
  6020 | D:5      | Reached XP level 8. HP: 60/60 MP: 3/11
  6281 | D:5      | Noticed Pikel
  6725 | D:6      | Noticed Maggie
  6943 | D:6      | Reached skill level 7 in Earth Magic
  7389 | D:7      | Found a staircase to the Ecumenical Temple.
  7400 | Temple   | Entered the Ecumenical Temple
  7525 | Temple   | Became a worshipper of Ashenzari the Shackled
  7965 | D:6      | Reached XP level 9. HP: 54/65 MP: 3/12
  8000 | D:6      | Reached skill level 5 in Transmutations
  8134 | D:6      | Killed Maggie
  8135 | D:6      | Reached skill level 8 in Earth Magic
  9015 | D:7      | Noticed a moth of wrath
  9222 | D:8      | Reached * piety under Ashenzari
  9269 | D:8      | Reached skill level 9 in Earth Magic
  9277 | D:8      | Reached skill level 5 in Stealth
  9485 | D:8      | Reached XP level 10. HP: 54/71 MP: 8/13
 10297 | D:8      | Found an ornate altar of the Wu Jian Council.
 10938 | D:9      | Reached skill level 5 in Short Blades
 11463 | D:9      | Found an opulent altar of Gozag.
 11819 | D:9      | Reached ** piety under Ashenzari
 12134 | D:10     | Entered Level 10 of the Dungeon
 12447 | D:10     | Reached skill level 1 in Shields
 12462 | D:10     | Reached skill level 10 in Earth Magic
 12621 | D:10     | Reached XP level 11. HP: 68/78 MP: 6/14
 12667 | D:9      | Reached skill level 5 in Fighting
 12895 | D:10     | Identified the Compendium of Poisoning and the Escort
 13044 | D:10     | Noticed Fannar
 13773 | D:10     | Killed Fannar
 14028 | D:11     | Noticed Maurice
 14059 | D:11     | Killed Maurice
 14358 | D:11     | Killed an unseen horror
 14489 | D:11     | Reached *** piety under Ashenzari
 14572 | D:11     | Found a staircase to the Lair.
 14625 | D:11     | Noticed a cyclops
 14633 | D:11     | Killed a cyclops
 15075 | D:11     | Noticed an orc knight
 15418 | Lair:1   | Entered Level 1 of the Lair of Beasts
 15425 | Lair:1   | Learned a level 5 spell: Lee's Rapid Deconstruction
 15425 | Lair:1   | Noticed Sonja
 15429 | Lair:1   | Noticed Sonja
 15429 | Lair:1   | Sonja changed into Sonja the swamp drake
 15630 | Lair:1   | Killed Sonja the swamp drake
 15815 | Lair:1   | Reached XP level 12. HP: 89/89 MP: 14/17
 16407 | Lair:1   | Noticed Erica
 16413 | Lair:1   | Killed Erica
 16597 | Lair:1   | Noticed Grum
 16606 | Lair:1   | Reached skill level 5 in Spellcasting
 16609 | Lair:1   | Killed Grum
 17124 | Lair:2   | Found a staircase to the Swamp.
 17582 | Lair:2   | Reached **** piety under Ashenzari
 17748 | Lair:2   | Reached skill level 10 in Fighting
 17748 | Lair:2   | Reached XP level 13. HP: 102/103 MP: 21/24
 17997 | Lair:2   | Learned a level 1 spell: Animate Skeleton
 18045 | Lair:2   | Reached XP level 14. HP: 76/110 MP: 17/25
 18854 | Lair:3   | Got the uncursed ring mail "Wifoxeg" {rElec}
 18858 | Lair:3   | Identified the +5 ring mail "Wifoxeg" {rElec} (You found it
                  | on level 3 of the Lair of Beasts)
 18891 | Lair:3   | Reached skill level 11 in Earth Magic
 18914 | Lair:3   | Reached skill level 1 in Armour
 18914 | Lair:3   | Reached skill level 1 in Evocations
 19291 | Lair:3   | Found a snail-covered altar of Cheibriados.
 19424 | Lair:3   | Noticed Nergalle
 19433 | Lair:3   | Killed Nergalle
 20595 | Lair:4   | Found a staircase to the Snake Pit.
 21822 | Lair:5   | Reached skill level 5 in Dodging
 22136 | Lair:4   | Learned a level 6 spell: Iron Shot
 22405 | Lair:5   | Reached skill level 1 in Conjurations
 23477 | Lair:5   | Reached ***** piety under Ashenzari
 23544 | Lair:5   | Reached XP level 15. HP: 109/115 MP: 17/28
 23889 | Lair:6   | Entered Level 6 of the Lair of Beasts
 25190 | Lair:6   | Reached skill level 5 in Armour
 25190 | Lair:6   | Reached skill level 5 in Evocations
 25213 | Lair:6   | Reached skill level 12 in Earth Magic
 25861 | Lair:6   | Learned a level 2 spell: Blink
 25867 | Lair:6   | Learned a level 5 spell: Bolt of Magma
 25901 | Lair:6   | Found a staircase to the Slime Pits.
 27192 | Lair:6   | Reached skill level 5 in Conjurations
 27848 | D:11     | Found a roughly hewn altar of Beogh.
 27849 | D:11     | Found a staircase to the Orcish Mines.
 28452 | Orc:1    | Entered Level 1 of the Orcish Mines
 28463 | Orc:1    | Found Caownas's Magic Scroll Emporium.
 29411 | Orc:2    | Entered Level 2 of the Orcish Mines
 29411 | Orc:2    | Found a staircase to the Elven Halls.
 29753 | Orc:2    | Found a roughly hewn altar of Beogh.
 30322 | Orc:2    | Reached XP level 16. HP: 107/122 MP: 11/29
 30966 | Orc:2    | Found Gemas's Magic Scroll Boutique.
 30981 | Orc:2    | Found Vugeakoe's Distillery.
 30989 | Orc:2    | Found Qisaq's Weapon Shop.
 30994 | Orc:2    | Found Yttybla's Armour Shoppe.
 31001 | Orc:2    | Found Nuram's Gadget Boutique.
 31225 | Orc:2    | Identified the cursed +1 plate armour of the Known World
                  | {rF- Will+ Dex+5}
 31241 | Orc:2    | Bought a wand of acid (10) for 364 gold pieces
 31290 | Orc:1    | Bought a scroll of acquirement for 780 gold pieces
 31290 | Orc:1    | Acquired 1117 gold pieces
 32565 | D:12     | Identified the ring "Ibbulath" {*Drain +Blink +Inv rPois
                  | rC-}
 32792 | D:12     | Noticed Psyche
 32812 | D:12     | Killed Psyche
 33088 | D:13     | Found Moetoant's General Store.
 33774 | D:13     | Identified the +8 chain mail "Put-Me-On" {rElec}
 33832 | D:13     | Blown up by a human

Illustrated notes

Levels and vault maps discovered:
D:1:      moated_graveyard_arrival, layout_basic
D:2:      layout_rooms, interstate_on_off, lemuel_altar_in_water2, uniq_jessica
D:3:      layout_rooms, grunt_ministairs_10, uniq_robin
D:4:      layout_cave_pools, minmay_misc_feat_tiny, moated_statue
D:5:      layout_layer_cave, kennysheep_generic_room_3, uniq_duvessa, uniq_pikel
D:6:      layout_layer_cave, uniq_maggie
D:7:      layout_rooms, tgw_trog, minmay_temple_entry_large_hall,
          feat_on_display
D:8:      layout_cave_pools, serial_column_ruins, column_ruins_temple_circle,
          column_ruins_grid_3, column_ruins_grid_1,
          column_ruins_columns_straight, column_ruins_corridor_straight,
          column_ruins_columns_corner, column_ruins_open_small,
          column_ruins_open_small
D:9:      layout_cave_pods, grunt_gozag_statues
D:10:     layout_roguey, minmay_misc_feat_alley, uniq_fannar
D:11:     layout_stronghold, lair_entry_dummy, david_orc_5, serial_glass,
          glass_columns_b, glass_columns_b, item_on_display_a, uniq_maurice
D:12:     layout_layer_cave, lemuel_old_faithful, uniq_psyche
D:13:     layout_loops_corners, grunt_vaults_entry_tiered, serial_shops,
          nicolae_shop_stone
Temple:   kilobyte_greek_temple
Lair:1:   layout_roguey, grunt_megastairs_2, uniq_sonja, uniq_grum, uniq_erica
Lair:2:   layout_roguey [special_room_bee], skrybe_swamp_entry_bodies,
          lemuel_fruit_fields, lemuel_fruit_fields
Lair:3:   layout_chaotic_city, kennysheep_snail_temple, grunt_megastairs_4,
          uniq_nergalle
Lair:4:   layout_gridlike, dummy_snake_entry, nicolae_lair_grove_arrangements
Lair:5:   layout_small_grid
Lair:6:   guppyfry_lair_end_dragon, layout_concentric_octagons,
          hangedman_lair_caniforms_friends, slime_dummy,
          infiniplex_staircase_pool_2
Orc:1:    cheibrodos_orc_bank, layout_caves, serial_shops, nicolae_shop_trees
Orc:2:    st_orc_open, layout_caves, serial_shops, shop_statue, basic_altar

Skill      XL: |  1  2  3  4  5  6  7  8  9 10 11 12 13 14 15 16 |
---------------+-------------------------------------------------+-----
Fighting       | 1 2 3 4 6 10 | 10.0
Earth Magic    | 4 5 6 7 9 10 11 12 | 12.0
Stealth        | 3 5 8 11 | 11.0
Short Blades   | 1 2 3 5 7 8 |  8.2
Transmutations | 2 4 6 7 |  7.8
Shields        | 1 2 |  2.7
Spellcasting   | 3 7 9 |  9.0
Dodging        | 5 8 |  8.0
Armour         | 4 7 8 |  8.0
Evocations     | 4 5 |  5.0
Conjurations   | 2 6 9 |  9.8

Action                   |  1- 3 |  4- 6 |  7- 9 | 10-12 | 13-15 | 16-18 || total
-------------------------+-------+-------+-------+-------+-------+-------++-------
Melee: Unarmed           |    10 |       |       |    10 |       |       ||    20
       Dagger            |    39 |   278 |    74 |   654 |  1242 |   238 ||  2525
       Short sword       |       |       |   180 |    10 |       |       ||   190
 Cast: Sandblast         |    18 |    62 |   101 |    88 |   118 |    89 ||   476
       Passwall          |       |     1 |       |    10 |    11 |       ||    22
       Petrify           |       |       |     9 |    73 |   159 |    45 ||   286
       Lee's Rapid Decon |       |       |       |    12 |    37 |    13 ||    62
       Stone Arrow       |       |       |       |       |     6 |       ||     6
       Blink             |       |       |       |       |     1 |       ||     1
       Bolt of Magma     |       |       |       |       |       |     2 ||     2
Invok: Curse Item        |       |       |     3 |     3 |     1 |       ||     7
       Scrying           |       |       |       |     1 |       |       ||     1
Evoke: Wand              |       |       |     7 |     3 |     3 |       ||    13
  Use: Scroll            |       |    13 |     7 |    13 |     3 |     1 ||    37
       Potion            |       |     1 |       |     2 |       |       ||     3
 Stab: Sleeping          |     4 |     5 |     8 |    19 |    14 |     2 ||    52
       Distracted        |       |     1 |       |       |     1 |       ||     2
       Petrified         |       |       |    27 |    55 |    63 |    20 ||   165
       Petrifying        |       |       |     1 |    33 |   120 |    20 ||   174
       Confused          |       |       |       |     2 |     2 |       ||     4
Armor: Robe              |    10 |    52 |       |       |       |       ||    62
       Leather armour    |       |    23 |    71 |       |       |       ||    94
       Steam dragon scal |       |       |    13 |   154 |    22 |       ||   189
       Skin              |       |       |       |     1 |       |       ||     1
       Ring mail         |       |       |       |       |   391 |    59 ||   450
Dodge: Dodged            |    36 |   211 |   176 |   200 |   513 |   121 ||  1257
Block: Other             |       |       |     9 |    39 |       |       ||    48
       Buckler           |       |       |       |   139 |   529 |   100 ||   768
       Reflection        |       |       |       |     4 |     2 |    11 ||    17
